 Dungeon Crawl Stone Soup version 0.31.0-11-ge490571c62 (webtiles) character file.

Game seed: 18394863943265390180

364 qw the Ducker (level 6, 0/30 HPs)
             Began as a Spriggan Hunter on Feb 4, 2024.
             Incinerated by a bombardier beetle (6 damage)
             ... with a burning spray
             ... on level 3 of the Dungeon.
             The game lasted 00:00:14 (2645 turns).

qw the Ducker (Spriggan Hunter)                     Turns: 2645, Time: 00:00:14

Health: 0/30       AC:  4    Str:  7    XL:     6   Next: 39%
Magic:  7/7        EV: 21    Int: 11    God:
Gold:   96         SH:  0    Dex: 20    Spells: 5/5 levels left

rFire   . . .        a - +0 shortbow
rCold   . . .        (shield currently unavailable)
rNeg    . . .        f - +2 robe {Will+}
rPois   .            (helmet restricted)
rElec   .            (no cloak)
rCorr   .            (gloves unavailable)
SInv    +            (boots unavailable)
Will    ++...        i - amulet of regeneration
Stlth   +            (no ring)
HPRegen 1.05/turn    (no ring)
MPRegen 0.10/turn

%: no passive effects
@: on fire, glowing, very quick
A: very small, no large weapons, unfitting armour, see invisible, speed 3
a: no special abilities


You were on level 3 of the Dungeon.
You visited 1 branch of the dungeon, and saw 4 of its levels.

You collected 96 gold pieces.


Innate Abilities, Weirdness & Mutations

You are very small and have problems with some larger weapons.
You are too small for most types of armour.
You have supernaturally acute eyesight. (SInv)
You cover ground extremely quickly. (Speed+++)


   Skills:
 - Level 2.0 Fighting
 + Level 6.0 Ranged Weapons
 - Level 6.5 Dodging
 - Level 1.5 Stealth


You had 5 spell levels left.
You didn't know any spells.
Your spell library was empty.

Inventory:

Hand Weapons
 a - a +0 shortbow (weapon)
Armour
 f - a +2 robe of willpower (worn)
Jewellery
 h - a ring of ice
 i - an amulet of regeneration (around neck)
Potions
 c - 2 potions of might
 e - a potion of curing
 g - 2 potions of haste

Dungeon Overview and Level Annotations

Branches:
Dungeon (4/15)
 Temple: D:4-7

Altars:

Shops:
D:2 [=   D:3 *

Annotations:
D:4 Eustachio


Message History

Level annotation: Eustachio The bombardier beetle sprays incendiary fluid at you.
The burning spray hits you.
You are covered in liquid fire!
There is a stone staircase leading up here.
You shoot an arrow. The arrow hits the bombardier beetle!
The bombardier beetle is heavily wounded.
The liquid fire burns you!
The bombardier beetle sprays incendiary fluid at you.
The burning spray hits you.
You are even more covered in liquid fire!
The gnoll throws a throwing net.
The throwing net hits you.
You become entangled in the net!
You struggle against the net.
The liquid fire burns you!
The gnoll hits you from afar with a +0 spear.
You struggle against the net.
The liquid fire burns you!
The gnoll hits you from afar with a +0 spear.
You struggle against the net.
The liquid fire burns you!
The gnoll hits you from afar with a +0 spear.
2641 ||| DRINKING potion of heal wounds.
You feel much better. The liquid fire burns you!
The gnoll hits you from afar with a +0 spear.
You struggle against the net.
The liquid fire burns you! The bombardier beetle bites you.
The gnoll hits you but does no damage.
You rip the net and break free!
The liquid fire burns you!
The bombardier beetle closely misses you.
The gnoll misses you.
2644 ||| STAIRDANCE The liquid fire burns you!
The gnoll misses you.
You shake off some of the fire as you move.
You climb upwards.
The liquid fire burns you!
You die...

######## #...(B.#
#.)%@#.##### ######
#..........# #.....
#....#.###.# #.####
#.#.##.# #.#####.####
#......# #...........
###.############.##.#
#.).....# #.##..
#..####.# #.....
#..####.#######.....


You could see a bombardier beetle.

Vanquished Creatures
  An ogre (D:3)
  2 orc wizards (D:3)
  5 gnolls
  7 adders
  A white imp (D:3)
  3 dart slugs
  8 orcs (D:3)
  5 ball pythons
  8 bats
  10 endoplasms
  2 giant cockroaches
  4 goblins
  7 hobgoblins
  4 jackals (D:1)
  5 quokkas
  5 frilled lizards
  10 kobolds
  6 rats
93 creatures vanquished.

Notes
Turn   | Place    | Note
-------+----------+-------------------------------------------
     0 | D:1      | qw the Spriggan Hunter began the quest for the Orb.
     0 | D:1      | Reached XP level 1. HP: 10/10 MP: 2/2
     0 | D:1      | 0 ||| qw: Version: 0.3-a-160-g6735b56
     0 | D:1      | 0 ||| qw: Game counter: 5154
     0 | D:1      | 0 ||| qw: Melee chars always use a shield: true
     0 | D:1      | 0 ||| qw: God list: Okawaru
     0 | D:1      | 0 ||| qw: Allow faded altars: false
     0 | D:1      | 0 ||| qw: Do Orc after clearing Dungeon:15 true
     0 | D:1      | 0 ||| qw: Do second Lair branch before Depths: true
     0 | D:1      | 0 ||| qw: Lair rune preference: random
     0 | D:1      | 0 ||| qw: Goals: Normal
     0 | D:1      | 0 ||| PLANNING D:1-11
    32 | D:1      | Reached skill level 3 in Dodging
    85 | D:1      | Reached XP level 2. HP: 14/14 MP: 3/3
   337 | D:1      | Reached XP level 3. HP: 18/18 MP: 4/4
   783 | D:1      | 783 ||| READING scroll labelled RIUVES ECHO.
   784 | D:1      | 784 ||| READING 4 scrolls labelled RUUNISE XEPTE.
   784 | D:1      | 784 ||| IDENTIFYING sedimented yellow potion
   785 | D:1      | 785 ||| READING 3 scrolls of identify.
   785 | D:1      | 785 ||| IDENTIFYING 3 bubbling ruby potions
   786 | D:1      | 786 ||| READING 2 scrolls of identify.
   786 | D:1      | 786 ||| IDENTIFYING scroll labelled ERCHECS SYQEATT
   787 | D:1      | 787 ||| READING scroll of identify.
   787 | D:1      | 787 ||| IDENTIFYING 2 scrolls labelled FIMOESKU MEGIQ
   788 | D:1      | 788 ||| READING 3 scrolls labelled HIGATZ ILAMU.
   889 | D:1      | 889 ||| DROPPING scroll of butterflies.
   890 | D:1      | 890 ||| DROPPING 2 scrolls of poison.
   891 | D:1      | 891 ||| DROPPING 2 scrolls of vulnerability.
   892 | D:1      | 892 ||| DROPPING scroll of noise.
   893 | D:1      | 893 ||| DROPPING potion of invisibility.
   952 | D:2      | 952 ||| STAIRDANCE
   965 | D:2      | 965 ||| STAIRDANCE
   984 | D:2      | Found Wapin's Jewellery Boutique.
  1032 | D:2      | 1032 ||| SHOPLISTING amulet of faith (480 gold, have 64).
  1032 | D:2      | 1032 ||| SHOPLISTING amulet of guardian spirit (360 gold,
                  | have 64).
  1032 | D:2      | 1032 ||| SHOPLISTING amulet of the acrobat (360 gold, have
                  | 64).
  1032 | D:2      | 1032 ||| SHOPLISTING ring "Quvoguen" {Fire rPois} (434
                  | gold, have 64).
  1032 | D:2      | 1032 ||| SHOPLISTING ring of resist corrosion (240 gold,
                  | have 64).
  1148 | D:2      | Reached XP level 4. HP: 21/22 MP: 5/5
  1158 | D:2      | Found Sufobav's Antique Armour Shoppe.
  1532 | D:2      | Reached XP level 5. HP: 24/26 MP: 6/6
  1628 | D:2      | 1628 ||| READING scroll of identify.
  1628 | D:2      | 1628 ||| IDENTIFYING metallic purple potion
  1629 | D:2      | 1629 ||| READING 2 scrolls labelled XESAOSMEOCH.
  1634 | D:2      | 1634 ||| READING scroll labelled GODGHU TUSANO.
  1634 | D:2      | Identified a scroll of acquirement
  1634 | D:2      | 1634 ||| ACQUIRING +2 robe of willpower
  1634 | D:2      | Acquired a +2 robe of willpower
  1636 | D:2      | 1636 ||| UPGRADING to +2 robe of willpower.
  1646 | D:2      | 1646 ||| DROPPING +0 robe.
  1647 | D:2      | 1647 ||| READING scroll labelled QOHUIGYCEV.
  1695 | D:2      | 1695 ||| READING scroll labelled OMOOXZE UNNE.
  2103 | D:3      | Reached skill level 6 in Ranged Weapons
  2303 | D:3      | Found Cootz's General Store.
  2310 | D:3      | 2310 ||| SHOPLISTING potion of mutation (96 gold, have 83).
  2421 | D:3      | 2421 ||| UPGRADING to amulet of regeneration.
  2426 | D:3      | 2426 ||| READING scroll of identify.
  2426 | D:3      | 2426 ||| IDENTIFYING 2 green potions
  2427 | D:3      | 2427 ||| READING scroll labelled MYOSMIKEIT.
  2428 | D:3      | 2428 ||| DRINKING 2 viscous green potions.
  2485 | D:4      | 2485 ||| STAIRDANCE
  2485 | D:4      | Noticed Eustachio
  2535 | D:4      | Noticed an ogre
  2536 | D:4      | 2536 ||| STAIRDANCE
  2561 | D:4      | 2561 ||| DRINKING 3 potions of haste.
  2562 | D:4      | 2562 ||| STAIRDANCE
  2578 | D:4      | 2578 ||| STAIRDANCE
  2580 | D:3      | HP: 3/26 [ogre/+0 giant club (23)]
  2581 | D:3      | 2581 ||| READING scroll of teleportation.
  2582 | D:3      | 2582 ||| DRINKING 2 potions of heal wounds.
  2614 | D:3      | Killed an ogre
  2615 | D:3      | Reached skill level 6 in Dodging
  2615 | D:3      | Reached XP level 6. HP: 30/30 MP: 7/7
  2618 | D:4      | 2618 ||| STAIRDANCE
  2630 | D:4      | 2630 ||| STAIRDANCE
  2640 | D:4      | HP: 7/30 [burnt (6)]
  2641 | D:4      | 2641 ||| DRINKING potion of heal wounds.
  2644 | D:4      | 2644 ||| STAIRDANCE
  2645 | D:3      | Incinerated by a bombardier beetle

Levels and vault maps discovered:
D:1:      dpeg_arrival_erosion, layout_loops_ring, serial_rivers,
          chequers_serial_rivers_marsh, chequers_serial_rivers_marsh,
          chequers_serial_rivers_small_3, chequers_serial_rivers_micro_e,
          chequers_serial_rivers_micro_c, chequers_serial_rivers_micro_c
D:2:      minmay_alternating_diamond, layout_rooms, serial_curves,
          eino_curves_04, eino_curves_04, serial_shops,
          nicolae_shop_tiny_waterfront, shop, hangedman_decor_riveting,
          minmay_mini_jars
D:3:      layout_loops_cross, serial_shops, shop
D:4:      layout_rooms, elyvilon_altar_4, nemelex_dance_club_becter,
          corner_web_ring, uniq_eustachio

Skill      XL: |  1  2  3  4  5 |
---------------+----------------+-----
Dodging        | 3 4 5 6 |  6.5
Ranged Weapons | 5 6 |  6.0
Fighting       | 2 |  2.0
Stealth        | |  1.5

Action                     |  1- 3 |  4- 6 || total
---------------------------+-------+-------++-------
   Fire: Shortbow          |   127 |   171 ||   298
    Use: Scroll            |     6 |     8 ||    14
         Potion            |       |     4 ||     4
 Armour: Robe              |    16 |    41 ||    57
  Dodge: Dodged            |    61 |   116 ||   177

Table legend:
 A = Non-vault XP
 B = Vault XP
 C = Vault XP percentage of total XP
 D = Non-vault monster count
 E = Vault monster count
 F = Vault count percentage of total count
                 A         B        C        D         E       F
            +---------+---------+-------+---------+---------+-------
      Total |     487 |      33 |   6.3 |      81 |      12 |  12.9
            +---------+---------+-------+---------+---------+-------
        D:1 |      52 |       0 |   0.0 |      30 |       0 |   0.0
        D:2 |     112 |      33 |  22.8 |      22 |      12 |  35.3
        D:3 |     323 |       0 |   0.0 |      29 |       0 |   0.0
            +---------+---------+-------+---------+---------+-------
